 Dungeon Crawl Stone Soup version 0.30.1-11-g7821555f0a (webtiles) character file.

Game seed: 3490677915274830539

125894 Peloso the Fencer (level 16, -11/148 (157) HPs)
             Began as a Minotaur Fighter on Jan 14, 2024.
             Was a High Priest of Okawaru.
             Mangled by a saltling (12 damage)
             ... in the Desolation of Salt.
             The game lasted 01:06:29 (30527 turns).

Peloso the Fencer (Minotaur Fighter)               Turns: 30527, Time: 01:06:30

HP:   -11/148 (157) AC: 29    Str: 27    XL:     16   Next: 42%
MP:   15/17         EV: 16    Int:  5    God:    Okawaru [*****.]
Gold: 3002          SH: 16    Dex: 20    Spells: 15/15 levels left

rFire   . . .        a - +3 demon blade (elec)
rCold   . . .        d - +1 buckler "Fosiyrack" {Regen+}
rNeg    . . .        V - +4 chain mail {Will+}
rPois   .            u - +2 hat {Will+}
rElec   .            J - +2 cloak
rCorr   .            r - +0 pair of gloves {Str+3}
SInv    +            F - +0 pair of boots
Will    ++++.        Z - amulet of reflection
Stlth   ++           K - ring "Yfizira" {Dex+5 SInv}
HPRegen 1.24/turn    n - ring of willpower
MPRegen 0.15/turn

%: reflection
@: mighty, about to teleport, heroic, drained
A: horns 2, retaliatory headbutt
a: Renounce Religion, Heroism, Finesse, Duel


You were in the Desolation of Salt.
You worshipped Okawaru.
Okawaru was extremely pleased with you.
You visited 5 branches of the dungeon, and saw 25 of its levels.
You also visited: Ossuary and Desolation.

You collected 3619 gold pieces.
You spent 617 gold pieces at shops.

Inventory:

Hand Weapons
 a - a +3 demon blade of electrocution (weapon)
 b - a +0 double sword
 c - a +2 scimitar of flaming
Armour
 d - the +1 buckler "Fosiyrack" (worn) {Regen+}
   (Okawaru gifted it to you on level 2 of the Orcish Mines)

   Regen:     It increases your rate of health regeneration.
 r - a +0 pair of gloves of strength (worn)
 s - a +1 plate armour of fire resistance
 t - the +3 buckler of Spite {rC+}
   (Okawaru gifted it to you on level 2 of the Lair of Beasts)

   rC:        It protects you from cold.
 u - a +2 hat of willpower (worn)
 B - a +2 crystal plate armour
 F - a +0 pair of boots (worn)
 J - a +2 cloak (worn)
 V - a +4 chain mail of willpower (worn)
 Y - the +8 plate armour "Qemaedimm" {rC+}
   (You found it on level 15 of the Dungeon)

   rC:        It protects you from cold.
Jewellery
 n - a ring of willpower (right hand)
 I - a ring of ice
 K - the ring "Yfizira" (left hand) {Dex+5 SInv}
   (You found it on level 13 of the Dungeon)

   [ring of see invisible]

   Dex:       It affects your dexterity (+5).
   SInv:      It lets you see invisible.
 P - a ring of see invisible
 R - a ring of positive energy
 Z - an amulet of reflection (around neck)
Wands
 h - a wand of digging (6)
 i - a wand of paralysis (8)
 l - a wand of iceblast (4)
 p - a wand of mindburst (8)
 w - a wand of quicksilver (7)
Scrolls
 f - a scroll of fog
 j - 3 scrolls of blinking
 m - 3 scrolls of fear
 q - 6 scrolls of teleportation
 v - 2 scrolls of magic mapping
 y - 4 scrolls of immolation
 z - 4 scrolls of identify
 H - 3 scrolls of acquirement
Potions
 e - 4 potions of invisibility
 g - 12 potions of curing
 k - 7 potions of might
 o - 5 potions of heal wounds
 x - 3 potions of berserk rage
 A - 3 potions of haste
 S - 3 potions of flight
 W - a potion of resistance


   Skills:
 + Level 18.2(23.2) Fighting
 + Level 19.2(24.2) Long Blades
 + Level 16.9(21.9) Armour
 + Level 5.8(10.8) Dodging
 + Level 3.7(8.7) Stealth
 + Level 15.9(20.9) Shields
 + Level 3.2 Invocations
 + Level 1.1 Evocations


You had 15 spell levels left.
You didn't know any spells.
Your spell library contained the following spells:

 Spells                   Type           Power      Damage    Failure   Level
 Blink                    Tloc           0%         N/A       89%         2
 Lesser Beckoning         Tloc           0%         N/A       89%         2
 Momentum Strike          Conj/Tloc      0%         3d8       89%         2
 Static Discharge         Conj/Air       0%         2-2/arc   89%         2
 Frozen Ramparts          Ice            0%         1d1       98%         3
 Gell's Gravitas          Tloc           0%         N/A       98%         3
 Hailstorm                Conj/Ice       0%         3d3       98%         3
 Inner Flame              Hex/Fire       0%         N/A       98%         3
 Portal Projectile        Hex/Tloc       0%         N/A       98%         3
 Teleport Other           Tloc           0%         N/A       98%         3
 Airstrike                Air            0%         2d(0-16)  100%        4
 Cause Fear               Hex            0%         N/A       100%        4
 Ice Form                 Ice/Tmut       0%         N/A       100%        4
 Leda's Liquefaction      Hex/Erth       0%         N/A       100%        4
 Olgreb's Toxic Radiance  Pois           0%         N/A       100%        4
 Petrify                  Tmut/Erth      0%         N/A       100%        4
 Blade Hands              Tmut           0%         N/A       100%        5
 Metabolic Englaciation   Hex/Ice        0%         N/A       100%        5
 Yara's Violent Unravell  Hex/Tmut       0%         3d3       100%        5
 Dispersal                Tloc           0%         N/A       100%        6
 Iron Shot                Conj/Erth      0%         9d1       100%        6
 Statue Form              Tmut/Erth      0%         N/A       100%        6
 Dragon Form              Tmut           0%         N/A       100%        7
 Enfeeble                 Hex            0%         N/A       100%        7
 Storm Form               Tmut/Air       0%         N/A       100%        7
 Discord                  Hex            0%         N/A       100%        8
 Ignition                 Fire           0%         3d3       100%        8
 Maxwell's Capacitive Co  Air            0%         ∞         100%        8
 Call Canine Familiar     Summ           Unusable   N/A       N/A         3
 Animate Armour           Summ/Erth      Unusable   N/A       N/A         4
 Summon Ice Beast         Ice/Summ       Unusable   N/A       N/A         4
 Summon Lightning Spire   Summ/Air       Unusable   N/A       N/A         4
 Simulacrum               Ice/Necr       Unusable   N/A       N/A         6
 Dragon's Call            Summ           Unusable   N/A       N/A         9

Dungeon Overview and Level Annotations

Branches:
Dungeon (15/15)            Temple (1/1) D:7            Lair (5/5) D:8
 Shoals (0/4) Lair:3       Spider (0/4) Lair:3        Slime (0/5) Lair:5
    Orc (2/2) D:11            Elf (2/3) Orc:2        Vaults (0/5) D:14
 Depths (0/4) D:15        Ossuary (visited)         Desolation (1/1)

Altars:
Ashenzari
Cheibriados
Dithmenos
Elyvilon
Fedhas
Hepliaklqana
Kikubaaqudgha
Makhleb
Nemelex Xobeh
Okawaru
Ru
Sif Muna
Trog
Uskayaw
Vehumet
Wu Jian
Yredelemnul
Zin
The Shining One
Jiyva

Shops:
D:2 *   D:7 (*[   D:9 ?[   Orc:2 *([[   Elf:1 *   Elf:2 (

Annotations:
Lair:2 Casa
Orc:1 2 runed translucent doors, exclusion: orange crystal statue


Innate Abilities, Weirdness & Mutations

You have a pair of horns on your head.
You reflexively headbutt those who attack you in melee.


Message History

You destroy the saltling!
Okawaru accepts your kill. You block the saltling's attack.
The peacekeeper bites you! You block the peacekeeper's attack.
The saltling hits you but does no damage.
The peacekeeper attacks as you move away!
The peacekeeper bites you but does no damage.
You block the peacekeeper's attack.
The peacekeeper roars a battlecry!
The saltlings go into a battle-frenzy!
The saltling hits you. You block the saltling's attack.
The saltling closely misses you. The saltling hits you.
Unknown command.
You gain the combat prowess of a mighty hero.
The peacekeeper misses you. The peacekeeper claws you.
The saltling closely misses you. You block the saltling's attack.
The saltling hits you!
* * * LOW HITPOINT WARNING * * *
The saltling hits you!!
* * * LOW HITPOINT WARNING * * *
You block the peacekeeper's attack. x2
You feel much better.
The saltling no longer looks unusually strong.
You block the saltling's attack. The saltling closely misses you.
The peacekeeper bites you!
* * * LOW HITPOINT WARNING * * *
The peacekeeper barely misses you. The saltling closely misses you.
You furiously retaliate!
You headbutt the saltling! The saltling hits you!
* * * LOW HITPOINT WARNING * * *
A servant of whispers comes into view. It is wielding a +0 quarterstaff.
As you read the scroll of teleportation, it crumbles to dust.
You feel strangely unstable. The saltling hits you.
* * * LOW HITPOINT WARNING * * *
The saltling misses you. You furiously retaliate!
You headbutt the saltling!!
The peacekeeper bites you but does no damage.
You block the peacekeeper's attack. You block the saltling's attack.
The saltling hits you!!
* * * LOW HITPOINT WARNING * * *
The saltling hits you!
You die...

######...........
#####............
######.............
###########..............
##########...............
#########......§#§§..#...
########......§[9§§.=.#
########.....#§@9§....#.
#######.§....§9999)......
#######.§§§§§§.9..)......
######...§§§§.§§.....##..
######..§§§§§§......).# .
#####...§§§§§§##...##...
#####...§§§§§§.§.#.......
#####.....§§§§§..#.a.....
#####..)....##........#


You could see a servant of whispers (wandering), a peacekeeper and 6 saltlings.

Vanquished Creatures
  Gastronok (Lair:3)
  A fire giant (D:15)
  3 imperial myrmidons (Desolation)
  An orc warlord (D:11)
  A halazid warlock (Desolation)
  A crystal guardian (Desolation)
  7 ragged hierophants (Desolation)
  5 servants of whispers (Desolation)
  Harold (Orc:1)
  4 catoblepae
  A peacekeeper (Desolation)
  3 hydras
  3 centaur warriors
  A death knight (D:15)
  5 dancing weapons
  4 two-headed ogres
  6 boulder beetles
  A deep troll earth mage (D:13)
  9 death yaks
  2 tengu warriors (D:13)
  5 orc high priests (Orc:2)
  8 deep elf knights
  Nergalle (Orc:1)
  Amaemon (D:10)
  Lodul (D:11)
  A skyshark (Lair:2)
  8 deep elf archers (Elf:1)
  Pikel (D:4)
  14 deep elf zephyrmancers
  6 orc knights
  A lindwurm (Lair:5)
  16 deep elf pyromancers
  A wizard (D:15)
  A phantasmal warrior (D:15)
  An orc sorcerer (D:11)
  10 ugly things
  5 cyclopes
  5 manticores
  5 black mambas
  3 guardian serpents
  7 elephants
  A black mamba (shapeshifter) (D:14)
  A merfolk siren (Lair:3)
  An orange demon (D:10)
  4 gargoyles
  6 cane toads
  A komodo dragon (shapeshifter) (Elf:1)
  3 rime drakes
  A kobold demonologist (D:10)
  An efreet (D:13)
  3 unseen horrors
  5 komodo dragons
  A yaktaur (shapeshifter) (D:15)
  A freezing wraith (D:15)
  A queen bee (shapeshifter) (D:13)
  3 merfolk (Lair:3)
  8 trolls
  2 polar bears
  A tarantella (shapeshifter) (D:14)
  A meliai (D:13)
  31 saltlings
  12 blink frogs
  3 hornets
  Grinder (D:4)
  4 dream sheep (Lair:3)
  6 slime creatures
  3 vampires
  A shadow (D:10)
  An air elemental (Elf:2)
  3 basilisks
  A water elemental (Elf:1)
  A wraith (D:15)
  47 yaks
  6 wyverns
  Eustachio (D:5)
  3 steam dragons
  A fire elemental (Elf:1)
  13 vampire mosquitoes
  3 wargs
  2 acid dragons (D:10)
  8 water moccasins
  2 floating eyes (D:10)
  A swamp drake (D:11)
  A black bear (shapeshifter) (D:14)
  37 orc warriors
  2 black bears
  A sky beast (D:7)
  The ghost of CaptainMV the Magician, an amateur NaWn (D:3)
  6 wolves (Lair:1)
  A lemure (D:4)
  13 ogres
  9 centaurs
  6 kobold brigands
  Blork the orc (D:4)
  9 bullfrogs
  2 earth elementals (Elf:1)
  4 scorpions (D:6)
  20 wights
  5 killer bees
  2 electric eels
  A centaur zombie (Ossuary)
  A gnoll bouda (D:8)
  A human zombie (Ossuary)
  4 jellies
  38 orc priests
  3 hounds
  3 iguanas
  2 sleepcaps (D:6)
  21 orc wizards
  3 mummies (Ossuary)
  8 gnolls
  7 adders
  A shadow imp (D:8)
  6 worms
  A dart slug (D:2)
  107 orcs
  8 ball pythons
  7 endoplasms
  3 giant cockroaches
  9 goblins
  5 hobgoblins
  11 jackals
  35 kobolds
  A quokka (D:4)
  4 bats
  4 frilled lizards
  3 gnoll zombies (Ossuary)
  A hobgoblin zombie (Ossuary)
  2 kobold zombies (Ossuary)
  4 rats
784 creatures vanquished.

Vanquished Creatures (others)
  A deep elf knight (Elf:1)
  A deep elf pyromancer (Elf:1)
  3 saltlings
  A yak (D:10)
  An orc warrior (Orc:2)
7 creatures vanquished.

Grand Total: 791 creatures vanquished

Notes
Turn   | Place    | Note
-------+----------+-------------------------------------------
     0 | D:1      | Peloso the Minotaur Fighter began the quest for the Orb.
     0 | D:1      | Reached XP level 1. HP: 19/19 MP: 0/0
   166 | D:1      | Reached XP level 2. HP: 27/27 MP: 1/1
   388 | D:2      | Found a faded altar of an unknown god.
   391 | D:2      | Found Pahoerui's Assorted Antiques.
   410 | D:2      | Bought a green potion for 14 gold pieces
   410 | D:2      | Bought a dark potion for 14 gold pieces
   410 | D:2      | Bought a scroll labelled WASYMI NELOWN for 16 gold pieces
   719 | D:2      | Reached XP level 3. HP: 19/33 MP: 2/2
   729 | D:2      | Reached skill level 3 in Long Blades
  1063 | D:2      | Reached XP level 4. HP: 40/40 MP: 3/3
  1282 | D:2      | Bought 2 scrolls labelled FIR VOUDGHABBATT for 32 gold
                  | pieces
  1282 | D:2      | Bought a scroll labelled FIR VOUDGHABBATT for 16 gold
                  | pieces
  1542 | D:3      | Reached skill level 1 in Dodging
  1601 | D:3      | Identified the +7 spear "Beetleslayer" {speed, Fly rElec
                  | rF- Str+3}
  1672 | D:3      | Reached skill level 4 in Long Blades
  1672 | D:3      | Reached XP level 5. HP: 44/46 MP: 4/4
  1787 | D:3      | Found a runed translucent door.
  2106 | D:3      | Noticed CaptainMV's ghost (amateur NaWn)
  2223 | D:4      | Noticed Grinder
  2223 | D:4      | Found a hazy altar of Hepliaklqana.
  2234 | D:4      | Killed Grinder
  2235 | D:4      | Reached skill level 5 in Long Blades
  2235 | D:4      | Reached skill level 5 in Armour
  2235 | D:4      | Reached XP level 6. HP: 37/55 MP: 5/5
  2576 | D:4      | Reached skill level 6 in Long Blades
  2663 | D:4      | Noticed Blork the orc
  2669 | D:4      | Noticed Pikel
  2691 | D:4      | Killed Blork the orc
  2692 | D:4      | Reached skill level 5 in Fighting
  2692 | D:4      | Reached XP level 7. HP: 61/61 MP: 6/6
  2708 | D:4      | Killed Pikel
  2709 | D:4      | Reached skill level 8 in Long Blades
  2709 | D:4      | Reached skill level 5 in Shields
  2709 | D:4      | Reached XP level 8. HP: 50/69 MP: 7/7
  3227 | D:5      | Entered Level 5 of the Dungeon
  3315 | D:5      | Found a sand-covered staircase.
  3324 | Ossuary  | Entered an ossuary
  3874 | D:5      | Found a sparkling altar of Nemelex Xobeh.
  3874 | D:5      | Found a glowing golden altar of the Shining One.
  3956 | D:5      | Noticed Eustachio
  3972 | D:5      | Killed Eustachio
  3973 | D:5      | Reached skill level 9 in Long Blades
  4223 | D:6      | Reached skill level 10 in Long Blades
  4223 | D:6      | Reached XP level 9. HP: 41/79 MP: 8/8
  4734 | D:6      | Found a burning altar of Makhleb.
  4744 | D:6      | Found a broken altar of Ashenzari.
  4754 | D:6      | Found a glowing silver altar of Zin.
  4757 | D:6      | Found a basalt altar of Yredelemnul.
  5733 | D:7      | Reached skill level 11 in Long Blades
  6171 | D:7      | Found Poympias's Antique Armour Boutique.
  6173 | D:7      | Found Nalyil's General Store.
  6173 | D:7      | Found Giuklax's Antique Weapon Emporium.
  6180 | D:7      | Reached skill level 1 in Stealth
  6544 | D:7      | Found a staircase to the Ecumenical Temple.
  7026 | Temple   | Entered the Ecumenical Temple
  7031 | Temple   | Became a worshipper of Warmaster Okawaru
  7079 | D:8      | Found a staircase to the Lair.
  7370 | D:8      | Found a transporter.
  7393 | D:8      | Found a transporter.
  7419 | D:8      | Found a transporter.
  7421 | D:8      | Found a transporter.
  7480 | D:8      | Reached XP level 10. HP: 83/88 MP: 9/9
  7879 | D:8      | Found a blossoming altar of Fedhas.
  7883 | D:8      | Found an ancient bone altar of Kikubaaqudgha.
  8190 | D:9      | Reached * piety under Okawaru
  8191 | D:9      | Noticed a two-headed ogre
  8246 | D:9      | Killed a two-headed ogre
  8247 | D:9      | Reached skill level 12 in Long Blades
  8568 | D:9      | Reached ** piety under Okawaru
  8653 | D:9      | Found Vel Mugh's Antique Armour Shoppe.
  8896 | D:9      | Found Hougetut's Magic Scroll Boutique.
  9337 | D:10     | Entered Level 10 of the Dungeon
  9412 | D:10     | Noticed Amaemon
  9412 | D:10     | Noticed an orange demon
  9422 | D:10     | Killed Amaemon
  9423 | D:10     | Reached skill level 10 in Armour
  9429 | D:10     | Killed an orange demon
  9583 | D:10     | Reached skill level 13 in Long Blades
  9722 | D:10     | Found a shimmering blue altar of Sif Muna.
  9857 | D:10     | Reached *** piety under Okawaru
 10017 | D:10     | Noticed a centaur warrior
 10024 | D:10     | Reached XP level 11. HP: 61/97 MP: 7/10
 10028 | D:10     | Killed a centaur warrior
 10238 | D:10     | Reached **** piety under Okawaru
 10256 | D:10     | Paralysed by a floating eye for 3 turns
 10355 | D:10     | Paralysed by a floating eye for 2 turns
 10659 | D:7      | Bought a runed demon blade for 486 gold pieces
 11033 | D:11     | Noticed a two-headed ogre
 11042 | D:11     | Killed a two-headed ogre
 11043 | D:11     | Reached skill level 14 in Long Blades
 11055 | D:11     | Noticed Lodul
 11060 | D:11     | HP: 3/99 [Lodul/bolt of lightning (37)]
 11287 | D:11     | Reached skill level 10 in Fighting
 11426 | D:11     | Killed Lodul
 11486 | D:11     | Reached ***** piety under Okawaru
 12075 | D:11     | Found a staircase to the Orcish Mines.
 12089 | D:11     | Reached XP level 12. HP: 94/108 MP: 11/11
 12502 | Lair:1   | Entered Level 1 of the Lair of Beasts
 13339 | Lair:1   | Identified 2 scrolls of acquirement
 13385 | Lair:2   | Identified the +3 buckler of Spite {rC+} (Okawaru gifted it
                  | to you on level 2 of the Lair of Beasts)
 13385 | Lair:2   | Received a gift from Okawaru
 13386 | Lair:2   | Reached skill level 15 in Long Blades
 13497 | Lair:2   | Noticed a death yak
 13498 | Lair:2   | Noticed a death yak
 13498 | Lair:2   | Noticed a death yak
 13532 | Lair:1   | Killed a death yak
 13533 | Lair:1   | Reached skill level 10 in Shields
 13655 | Lair:1   | Killed a death yak
 13801 | Lair:2   | Killed a death yak
 13891 | Lair:2   | Noticed a boulder beetle
 13893 | Lair:2   | Found a hide-covered altar of Uskayaw.
 13893 | Lair:2   | Found an ornate altar of the Wu Jian Council.
 13906 | Lair:2   | Killed a boulder beetle
 14175 | Lair:2   | You fall into a shaft and drop 1 floor!
 14341 | Lair:3   | Found a hole to the Spider Nest.
 14845 | Lair:3   | Found a staircase to the Shoals.
 14858 | Lair:3   | Reached XP level 13. HP: 95/122 MP: 12/12
 14868 | Lair:3   | Noticed Gastronok
 14884 | Lair:3   | Killed Gastronok
 14884 | Lair:3   | Received a gift from Okawaru
 16464 | Lair:4   | Reached skill level 1 in Invocations
 17176 | Orc:1    | Entered Level 1 of the Orcish Mines
 17176 | Orc:1    | Noticed an orc warlord
 17324 | D:11     | Killed an orc warlord
 17932 | Orc:2    | Entered Level 2 of the Orcish Mines
 18111 | Orc:2    | Found a staircase to the Elven Halls.
 18259 | Orc:2    | Reached skill level 16 in Long Blades
 19522 | Orc:2    | Identified the +1 buckler "Fosiyrack" {Regen+} (Okawaru
                  | gifted it to you on level 2 of the Orcish Mines)
 19522 | Orc:2    | Received a gift from Okawaru
 19969 | Orc:2    | Found Ofoqo's Armour Boutique.
 19969 | Orc:2    | Found Xoicul's Antique Armour Boutique.
 19970 | Orc:2    | Found Roecrif's Weapon Shop.
 19970 | Orc:2    | Found Hiekhint's Assorted Antiques.
 19980 | Orc:2    | Bought a scroll labelled VUWUBL SEOMP for 39 gold pieces
 20606 | D:12     | Found a bloodstained altar of Trog.
 21376 | Orc:1    | Found a runed translucent door.
 21405 | Orc:1    | Noticed Nergalle
 21408 | Orc:1    | Found the +10 tower shield of Ignorance {rN+ Int-4}
 21451 | Orc:1    | Killed Nergalle
 21543 | Orc:1    | Found a runed translucent door.
 21587 | Orc:1    | Reached XP level 14. HP: 116/116 MP: 14/14
 21594 | Orc:1    | Noticed Harold
 21611 | Orc:1    | Killed Harold
 21612 | Orc:1    | Reached skill level 15 in Fighting
 21716 | Orc:1    | Found a burning altar of Makhleb.
 22024 | D:13     | Found a transporter.
 22027 | D:13     | Found a transporter.
 22524 | Lair:5   | Entered Level 5 of the Lair of Beasts
 23156 | D:14     | Found a gate to the Vaults.
 23439 | D:15     | Entered Level 15 of the Dungeon
 23480 | D:15     | Found a staircase to the Depths.
 23480 | D:15     | Noticed a fire giant
 23498 | D:15     | Killed a fire giant
 23565 | D:15     | Reached skill level 17 in Long Blades
 23623 | D:15     | Reached skill level 15 in Armour
 23700 | D:15     | Received a gift from Okawaru
 24008 | D:15     | Identified the +8 plate armour "Qemaedimm" {rC+}
 24186 | D:15     | Reached skill level 1 in Evocations
 24622 | D:3      | Killed CaptainMV's ghost
 25237 | Lair:5   | Found a viscous altar of Jiyva.
 25238 | Lair:5   | Found a staircase to the Slime Pits.
 25689 | Lair:5   | Reached XP level 15. HP: 46/145 MP: 15/15
 25881 | Lair:5   | Reached skill level 18 in Long Blades
 25883 | Lair:5   | Received a gift from Okawaru
 25883 | Lair:5   | Found the +7 Kryia's mail coat {PotionHeal*2 rC+}
 26066 | Lair:5   | Reached skill level 5 in Dodging
 26983 | D:13     | Identified the ring "Yfizira" {Dex+5 SInv}
 28104 | Elf:1    | Entered Level 1 of the Elven Halls
 28217 | Elf:1    | Found a radiant altar of Vehumet.
 28921 | Elf:1    | Found Kakuots's General Store.
 29390 | Elf:1    | Received a gift from Okawaru
 29473 | Elf:1    | Acquired 622 gold pieces
 29535 | Elf:2    | Reached skill level 15 in Shields
 29589 | Elf:2    | Found Felenuar's Antique Weapon Emporium.
 29655 | Elf:2    | Paralysed by an air elemental for 1 turns
 29674 | Elf:2    | Found a crumbling gateway.
 29679 | Elf:2    | Reached XP level 16. HP: 137/157 MP: 17/17
 29686 | Desolati | Entered the Desolation of Salt
 29734 | Desolati | Reached skill level 19 in Long Blades
 29973 | Desolati | Received a gift from Okawaru
 30100 | Desolati | Identified the +7 short sword "Fapruxua" {flame, MP+9
                  | Dex+3}
 30527 | Desolati | HP: 1/148 [saltling (23)]
 30527 | Desolati | Mangled by a saltling

Illustrated notes

Levels and vault maps discovered:
D:1:      dpeg_arrival_fog, layout_rooms
D:2:      kennysheep_six_static_rooms, layout_loops_ring, serial_shops, shop,
          shapermc_ecumenical_altar_pompeii, nrook_loot_triangle
D:3:      layout_basic, ebering_ghost_reflecting_pool, minmay_checkerbox
D:4:      layout_rooms, overflow_temple_1_default, uniq_pikel,
          uniq_blork_the_orc, uniq_grinder
D:5:      layout_rooms, gammafunk_temple_overflow_elements, enter_ossuary_3,
          minmay_stone_trees_medium, uniq_eustachio
D:6:      layout_basic, grunt_temple_overflow_cloverleaf
D:7:      layout_layer_cave, minmay_temple_entry_sparse_star,
          nicolae_wooded_promenade
D:8:      layout_cave_pods, grunt_temple_overflow_growth_and_decay,
          dpeg_oklobed_lair, nicolae_diode_intersection
D:9:      layout_long_grid, serial_shops, shop, shop
D:10:     layout_loops_ring, led_sif_pool, onia_ninara_cookie, uniq_amaemon
D:11:     layout_loops_cross, erik_orc_1, uniq_lodul
D:12:     layout_loops_corners, trog_three_pillars_becter
D:13:     gammafunk_the_bubble [the_bubble_gammafunk_split],
          layout_irregular_city
D:14:     layout_gridville, david_vaults_2, serial_park_tiny_1
D:15:     grunt_enter_depths_giant_problem, layout_loops_ring,
          hangedman_abyss_or_decor_passed
Temple:   nicolae_temple_ecumenical_triangle
Lair:1:   layout_chaotic_city, grunt_megastairs_4
Lair:2:   layout_hall_layers, nzn_masters_of_martial_movement, lemuel_fruit_tree
Lair:3:   layout_regular_city, elwin_shoals_entry_stream,
          spider_nest_entry_web_field, nicolae_lair_grove_arrangements,
          nicolae_quartered_pool_super, chequers_serial_rivers_micro_d,
          cheibrodos_lair_caveside_slide, uniq_gastronok
Lair:4:   layout_small_grid
Lair:5:   evilmike_catoblepas_cave, layout_cave_pods,
          minmay_slime_entry_pillars, minivault_23
Orc:1:    layout_diamond_mine, lemuel_statue_altar,
          chequers_guarded_unrand_ignorance, uniq_harold, uniq_nergalle
Orc:2:    st_orc_pillars, layout_caves
Elf:1:    eino_elf_arrival_altar, layout_geoelf_octagon, serial_shops, shop,
          hangedman_corner_corridor
Elf:2:    nicolae_elf_blades_crystal_corner, layout_gridlike,
          portal_desolation_entry_nicolae_nacl, serial_shops,
          nicolae_shop_industrial_runoff, nicolae_shop_overgrown_old_shop,
          grunt_ministairs_11
Desolation

Skill      XL: |  1  2  3  4  5  6  7  8  9 10 11 12 13 14 15 16 |
---------------+-------------------------------------------------+-----
Shields        | 4 5 6 8 9 10 12 13 15 | 15.9
Fighting       | 4 5 7 8 9 10 13 14 16 17 18 | 18.2
Armour         | 4 5 6 7 8 10 11 13 14 15 16 | 16.9
Long Blades    | 3 4 5 6 8 10 11 13 14 15 16 17 18 19 | 19.2
Dodging        | 1 2 3 4 5 |  5.8
Stealth        | 1 2 3 |  3.7
Invocations    | 2 3 |  3.2
Evocations     | 1 |  1.1

Action                     |  1- 3 |  4- 6 |  7- 9 | 10-12 | 13-15 | 16-18 || total
---------------------------+-------+-------+-------+-------+-------+-------++-------
  Melee: Long sword        |    77 |   108 |   367 |   248 |       |       ||   800
         Headbutt          |    11 |    20 |    68 |   158 |   370 |    57 ||   684
         Demon blade       |       |       |       |   389 |  1291 |   196 ||  1876
         Scimitar          |       |       |       |       |     4 |       ||     4
 Invoke: Heroism           |       |       |       |     6 |    18 |    10 ||    34
  Evoke: Wand              |       |     1 |     4 |       |     3 |       ||     8
    Use: Scroll            |       |     7 |     5 |     9 |    14 |     1 ||    36
         Potion            |       |     1 |     1 |     2 |     4 |     4 ||    12
   Stab: Invisible         |       |       |       |       |       |    19 ||    19
 Armour: Scale mail        |    51 |    45 |       |       |       |       ||    96
         Chain mail        |       |     9 |   185 |    81 |   141 |    67 ||   483
         Plate armour      |       |       |       |   181 |   465 |       ||   646
  Dodge: Dodged            |    35 |    48 |   124 |   197 |   375 |    94 ||   873
  Block: Buckler           |    26 |    29 |   112 |   203 |   540 |   127 ||  1037
         Reflection        |       |       |       |       |    18 |       ||    18
